 Dungeon Crawl Stone Soup version 0.29.0-5-ge4962eb29e (webtiles) character file.

Game seed: 3135910388568518783

37 ProzacElf the Covered (level 3, -3/24 HPs)
             Began as a Demonspawn Wanderer on Aug 29, 2022.
             Slain by an ogre
             ... wielding a +0 giant club
              (27 damage)
             ... on level 4 of the Dungeon.
             The game lasted 00:05:01 (1464 turns).

ProzacElf the Covered (Demonspawn Wanderer)         Turns: 1464, Time: 00:05:02

Health: -3/24      AC:  6    Str: 15    XL:     3   Next: 21%
Magic:  3/4        EV:  9    Int: 19    God:
Gold:   89         SH:  0    Dex:  9    Spells: 3/4 levels left

rFire   . . .      SeeInvis .   b - +9 dagger of a bailey {vorpal, Int+4}
rCold   . . .      Faith    .   (no shield)
rNeg    . . .      Spirit   .   e - +0 scale mail
rPois   .          Reflect  .   (no helmet)
rElec   .          Harm     .   (no cloak)
rCorr   .          Rampage  .   (no gloves)
Will    .....                   (no boots)
Stlth   ..........              (no amulet)
HPRegen 0.08/turn               (no ring)
MPRegen 0.09/turn               (no ring)

@: very slightly contaminated
A: weakness stinger 1
a: no special abilities


You were on level 4 of the Dungeon.
You visited 1 branch of the dungeon, and saw 3 of its levels.

You collected 89 gold pieces.

Inventory:

Hand Weapons
 a - a +2 sling
 b - the +9 dagger of a bailey (weapon) {vorpal, Int+4}
   (You found it on level 4 of the Dungeon)

   It inflicts extra damage upon your enemies.
   Int:       It affects your intelligence (+4).
 l - a +0 dagger
Armour
 e - a +0 scale mail (worn)
Jewellery
 h - a ring of fire
Scrolls
 d - a scroll of enchant armour {unknown}
 f - a scroll of magic mapping {unknown}
 g - 2 scrolls of vulnerability {unknown}
 k - a scroll of identify {unknown}
Potions
 c - a potion of berserk rage
 i - a potion of brilliance {unknown}
 j - a potion of degeneration {unknown}
 m - 3 potions of heal wounds {unknown}


   Skills:
 + Level 2.6 Ranged Weapons
 - Level 3.6 Armour
 - Level 1.0 Spellcasting
 - Level 1.0 Poison Magic
 + Level 3.0 Evocations


You had 3 spell levels left.
You knew the following spells:

 Your Spells              Type           Power      Damage    Failure   Level
a - Sting                 Tmut/Pois      8%         1d3       50%         1

Your spell library contained the following spells:

 Spells                   Type           Power      Damage    Failure   Level
 Apportation              Tloc           0%         N/A       56%         1
 Necrotise                Necr           0%         1d4       56%         1
 Summon Small Mammal      Summ           0%         N/A       56%         1
 Spider Form              Tmut/Pois      2%         N/A       86%         3


Dungeon Overview and Level Annotations

Branches:
Dungeon (2/15)

Altars:


Innate Abilities, Weirdness & Mutations

You have a small tail.


Message History

Tha giant cockroach bites ye but does nay damage.
Ye hit tha giant cockroach.
Ye kill tha giant cockroach!
Yer Evocations skill increases ta level 3!
Nay target in view!
HP restored.
Found a stone staircase leadin' down.
Health restored: 24
a - a +2 slin' (weapon)
Found a stone staircase leadin' down.
m - 3 white potions (gain'd 2)
Found a leathar armour.
An ogre an' a kobold come inta view.
Tha kobold be wieldin' a +1 whip o' venom.
Tha ogre shouts!
Tha kobold shouts!
Tha kobold throws a stone.
Tha stone hits ye but does nay damage.
Ye shoot a slin' bullet.
Tha slin' bullet hits tha ogre.
Tha ogre be lightly wounded.
Ye shoot a slin' bullet.
Tha slin' bullet hits tha ogre but does nay damage.
Tha ogre be lightly wounded.
Tha kobold throws a stone.
Tha stone hits ye but does nay damage.
Ye shoot a slin' bullet.
Tha slin' bullet closely misses tha ogre.
Ye feel cle'er. b - tha +9 dagger o' a bailey (weapon)
{vorpal, Int+4} Castin': Stin' (safe; 50% risk o' failure) Confirm wit' . or Enter, or press ? or * ta list all spells.
Aimin': Stin' (safe; 50% risk o' failure)
Press: ? - help, Shift-Dir - straight line, f/p - ogre
Aim: an ogre, wieldin' a +0 giant club (lightly wounded, 83% ta hit) Ye miscast Stin'.
Ye be very lightly contaminated wit' residual magic.
Nuthin' appears ta happ'n.
Ye now haf 3/4 mp.
Ye hit tha ogre.
Tha ogre be heavily wounded.
Tha ogre hits ye wit' a +0 giant club!!
Ouch! Tha re'lly hurt!
Ye die...

.....## ############ ......#
#.........># ......##
#..........####...
.......#####...............#
.....#................######
.....#######..........#########
...#........................[.#.
####.....##..######.......?.....
#.....###....@OK.............
#.....##########.............
###....# #........>....
##.#.#### #.............
#.#....# #.............
#.....###....................
#.....# ...................
#.....# .................
#.....# ..


You could see an ogre and a kobold.

Vanquished Creatures
  An adder (D:2)
  A dart slug (D:1)
  2 ball pythons
  4 endoplasms
  A giant cockroach (D:4)
  5 goblins
  3 bats (D:1)
  A frilled lizard (D:1)
  3 kobolds (D:1)
  4 rats
25 creatures vanquished.

Notes
Turn   | Place    | Note
-------+----------+-------------------------------------------
     0 | D:1      | ProzacElf the Demonspawn Wanderer began the quest for the
                  | Orb.
     0 | D:1      | ProzacElf set off with the following items: a +2 sling, a
                  | +0 scale mail, a potion of berserk rage; and the following
                  | spell memorised: Sting; and the following spells available
                  | to memorise: Spider Form.
     0 | D:1      | Reached XP level 1. HP: 13/13 MP: 2/2
   397 | D:1      | Gained mutation: You have a small tail. [demonic ancestry]
   397 | D:1      | Reached XP level 2. HP: 19/19 MP: 3/3
  1072 | D:2      | Reached XP level 3. HP: 12/24 MP: 4/4
  1263 | D:2      | You fall into a shaft and drop 2 floors!
  1268 | D:4      | Identified the +9 dagger of a bailey {vorpal, Int+4}
  1450 | D:4      | Noticed an ogre
  1464 | D:4      | Slain by an ogre

Illustrated notes

Levels and vault maps discovered:
D:1:      amcnicky_arrival_double_pillar, layout_loops_ring, serial_rivers,
          chequers_serial_rivers_marsh, chequers_serial_rivers_micro_a,
          chequers_serial_rivers_room_b, chequers_serial_rivers_micro_a,
          chequers_serial_rivers_micro_c, chequers_serial_rivers_micro_d,
          lemuel_old_faithful
D:2:      layout_rooms
D:4:      layout_rooms, lemuel_round_altar

Skill      XL: |  1  2  3 |
---------------+----------+-----
Ranged Weapons | 2 |  2.6
Evocations     | 3 |  3.0
Armour         | |  3.6
Spellcasting   | |  1.0
Poison Magic   | |  1.0

Action                   || total
-------------------------++-------
Melee: Dagger            ||     5
 Fire: Sling             ||    79
Armor: Scale mail        ||    34
Dodge: Dodged            ||    23
